 Dungeon Crawl Stone Soup version 0.30-a0-439-g9e77e4d916 (webtiles) character file.

Game seed: 2968914629830230018

214536 experimilk the Pyromancer (level 17, 0/126 HPs)
             Began as a Red Draconian Conjurer on Dec 10, 2022.
             Was a High Priest of Vehumet.
             Killed from afar by an air elemental (11 damage)
             ... with a stunning burst
             ... on level 4 of the Shoals on Dec 11, 2022.
             The game lasted 03:36:57 (47520 turns).

experimilk the Pyromancer (Red Draconian Conjurer) Turns: 47520, Time: 03:37:00

Health: 0/126      AC: 20    Str: 15      XL:     17   Next: 85%
Magic:  3/37       EV: 11    Int: 29 (34) God:    Vehumet [*****.]
Gold:   1656       SH: 11    Dex: 10      Spells: 6/48 levels left

rFire   + . .      SeeInvis +    k - +11 morningstar of the Holding Blowfly {flame, Fragile Str+4 SInv}
rCold   . . .      Faith    .    m - +2 buckler {AC+3}
rNeg    . . .      Spirit   .    (body armour unavailable)
rPois   .          Reflect  +    J - +2 hat {Int+3}
rElec   .          Harm     .    O - +1 cloak
rCorr   .          Rampage  .    t - +1 pair of gloves
Will    +....                    E - +1 pair of boots
Stlth   ++........               Q - amulet of reflection
HPRegen 0.41/turn                i - +6 ring of intelligence
MPRegen 0.25/turn                p - ring of wizardry

@: no status effects
A: breathe fire, AC +9, unfitting armour, fire resistance 1, cold-blooded
}: 2/15 runes: serpentine, barnacled
a: Breathe Fire, Renounce Religion


You were on level 4 of the Shoals.
You worshipped Vehumet.
Vehumet was extremely pleased with you.
You visited 6 branches of the dungeon, and saw 29 of its levels.

You collected 3536 gold pieces.
You spent 1880 gold pieces at shops.

Inventory:

Hand Weapons
 k - the +11 morningstar of the Holding Blowfly (weapon) {flame, Fragile Str+4 SInv}
   (You bought it in a shop on level 2 of the Orcish Mines)

   It burns those it strikes, dealing additional fire damage.
   Str:       It affects your strength (+4).
   SInv:      It lets you see invisible.
   Fragile:   It will be destroyed if unequipped.
 Z - a +1 demon whip of venom
Missiles
 G - a throwing net
Armour
 m - a +2 buckler of protection (worn)
 t - a +1 pair of gloves (worn)
 E - a +1 pair of boots (worn)
 J - a +2 hat of intelligence (worn)
 M - an orb of energy
 O - a +1 cloak (worn)
Jewellery
 i - a +6 ring of intelligence (left hand)
 n - a ring of see invisible
 p - a ring of wizardry (right hand)
 v - a ring of poison resistance
 F - a +4 ring of evasion
 Q - an amulet of reflection (around neck)
 V - a ring of protection from cold
Wands
 o - a wand of flame (77)
 u - a wand of paralysis (13)
 H - a wand of mindburst (8)
 S - a wand of roots (27)
 T - a wand of quicksilver (7)
 W - a wand of polymorph (9)
Scrolls
 d - 8 scrolls of magic mapping
 l - 7 scrolls of enchant weapon
 q - 10 scrolls of teleportation
 r - 9 scrolls of immolation
 s - 3 scrolls of silence
 w - a scroll of vulnerability
 x - a scroll of fear
 y - 2 scrolls of enchant armour
 C - 4 scrolls of poison
 U - 10 scrolls of identify
Potions
 b - 4 potions of attraction
 c - 3 potions of mutation
 e - 2 potions of cancellation
 f - 3 potions of flight
 g - 3 potions of curing
 h - 9 potions of might
 j - a potion of magic
 A - 4 potions of haste
 B - 3 potions of lignification
 D - 2 potions of berserk rage
 I - 2 potions of resistance
 K - a potion of brilliance
 R - a potion of invisibility
Miscellaneous
 a - a box of beasts (inert)
 N - a lightning rod (inert)
 X - a phantom mirror
 Y - a phial of floods (inert)


   Skills:
 - Level 5.3 Fighting
 - Level 1.8 Dodging
 - Level 1.7 Stealth
 * Level 4.6 Shields
 * Level 16.2 Spellcasting
 + Level 15.7 Conjurations
 - Level 21.0 Fire Magic
 + Level 7.9 Poison Magic
 - Level 12.2 Evocations


You had 6 spell levels left.
You knew the following spells:

 Your Spells              Type           Power      Damage    Failure   Level
a - Sticky Flame          Conj/Fire      92%        2d10      0%          4
b - Magic Dart            Conj           100%       1d8       0%          1
c - Iskenderun's Battles  Conj           86%        2d13      1%          5
d - Starburst             Conj/Fire      46%        6d13      1%          6
q - Eringya's Noxious Bo  Tmut/Pois      23%        N/A       9%          6
s - Fireball              Conj/Fire      46%        3d18      1%          5
v - Orb of Destruction    Conj           43%        9d12      1%          7
w - Olgreb's Toxic Radia  Pois           62%        N/A       1%          4
x - Iskenderun's Mystic   Conj/Tloc      62%        2d13      1%          4

Your spell library contained the following spells:

 Spells                   Type           Power      Damage    Failure   Level
 Ignition                 Fire           49%        3d14      1%          8
 Searing Ray              Conj           100%       2d8       0%          2
 Flame Wave               Conj/Fire      92%        2d19      0%          4
 Necrotise                Necr           92%        1d8       1%          1
 Shock                    Conj/Air       100%       1d9       1%          1
 Sting                    Tmut/Pois      100%       1d8       1%          1
 Blink                    Tloc           46%        N/A       1%          2
 Call Imp                 Summ           23%        N/A       1%          2
 Ensorcelled Hibernation  Hex/Ice        46%        N/A       1%          2
 Poisonous Vapours        Pois/Air       92%        N/A       1%          2
 Static Discharge         Conj/Air       100%       2-7/arc   1%          2
 Dazzling Flash           Conj/Hex       100%       N/A       1%          3
 Inner Flame              Hex/Fire       71%        N/A       1%          3
 Mephitic Cloud           Conj/Pois/Air  62%        N/A       1%          3
 Spider Form              Tmut/Pois      46%        N/A       1%          3
 Stone Arrow              Conj/Erth      100%       3d13      1%          3
 Fulminant Prism          Conj/Hex       31%        3d16      1%          4
 Arcjolt                  Conj/Air       31%        1d41      1%          5
 Lightning Bolt           Conj/Air       31%        1d48      1%          5
 Conjure Ball Lightning   Conj/Air       31%        3x3d10    1%          6
 Swiftness                Air            23%        N/A       3%          3
 Vampiric Draining        Necr           23%        2d7       3%          3
 Vhi's Electric Charge    Tloc/Air       46%        N/A       3%          3
 Airstrike                Air            11%        2d(2-18)  3%          4
 Anguish                  Hex/Necr       11%        N/A       11%         4
 Cause Fear               Hex            11%        N/A       11%         4
 Manifold Assault         Tloc           23%        N/A       11%         4
 Summon Ice Beast         Ice/Summ       23%        N/A       11%         4
 Agony                    Necr           23%        N/A       26%         5
 Summon Mana Viper        Hex/Summ       23%        N/A       26%         5
 Lehudib's Crystal Spear  Conj/Erth      31%        10d8      50%         8
 Dragon Form              Tmut           11%        N/A       100%        7
 Monstrous Menagerie      Summ           11%        N/A       100%        7
 Storm Form               Tmut/Air       11%        N/A       100%        7
 Dragon's Call            Summ           11%        N/A       100%        9
 Animate Armour           Summ/Erth      Unusable   N/A       N/A         4

Dungeon Overview and Level Annotations

Branches:
Dungeon (13/15)            Temple (0/1) D:6            Lair (5/5) D:9
 Shoals (4/4) Lair:3        Snake (4/4) Lair:2        Slime (1/5) Lair:4
    Orc (2/2) D:10            Elf (0/3) Orc:2        Vaults (0/5) D:13

Altars:
Cheibriados
Elyvilon
Gozag
Hepliaklqana
Kikubaaqudgha
Qazlal
Ru
Sif Muna
Trog
Vehumet
Wu Jian
Xom
Jiyva

Shops:
D:4 *   D:7 :   D:9 !   Orc:1 ?(!=*   Orc:2 ((=*[   Shoals:2 *

Annotations:
D:3 2 transporters, PyroL's ghost, amateur DENe
Snake:4 Vashnia


Innate Abilities, Weirdness & Mutations

You can breathe blasts of fire.
Your fiery red scales are hard. (AC +9)
You cannot fit into any form of body armour.
Your flesh is heat resistant. (rF+)
You are cold-blooded and may be slowed by cold attacks.


Message History

You block the snapping turtle's attack.
You puncture the snapping turtle! You burn the snapping turtle.
You tail-slap the snapping turtle, but do no damage.
The snapping turtle is almost dead.
The snapping turtle bites you!!
* * * LOW HITPOINT WARNING * * *
The snapping turtle misses you.
Unknown command.
You puncture the snapping turtle! You burn the snapping turtle.
You kill the snapping turtle!
Vehumet accepts your kill.
Unknown command.
You see here a snapping turtle corpse.
You start resting.
An air elemental comes into view.
The air elemental fires a burst of electricity at you.
The stunning burst hits you!
You suddenly lose the ability to move!
* * * LOW HITPOINT WARNING * * *
You can move again.
Aim the phial where?
Press: ? - help, Q - select action, (/) - cycle Shift-Dir - straight line, f - air elemental
Aim: an air elemental The torrent of water misses the air elemental.
The wave splashes down.
You hear an angry hiss. x2; You hear a shout! x2
The air elemental fires a burst of electricity at you.
The stunning burst hits you!
You shrug off the repeated paralysis!
* * * LOW HITPOINT WARNING * * *
The air elemental fires a burst of electricity at you.
The stunning burst hits you but does no damage.
You shrug off the repeated paralysis!
You can't see any enemies this would affect, really read the scroll of fear?
Okay, then.
You feel better.
The air elemental fires a burst of electricity at you.
The stunning burst hits you!
You shrug off the repeated paralysis!
* * * LOW HITPOINT WARNING * * *
The air elemental fires a burst of electricity at you.
The stunning burst hits you!
You shrug off the repeated paralysis!
You die...

#.~~.~~.~~~~# #~.~..#~#~#~#
#~~.~..~~~~~ #~#.#..~#~.~# #
.~~~.~.~~#####################
..##########.~~~.........)....)
#./ #..#E~..#..##..#)...# #..
#†##~*........)))...#
#m#.@~~~~~~~~~~~)[~.)
#.#)~~#≈≈##≈≈##≈≈#)~.
#H#.~##..........##).
#.#.~#..P.........#~.
#.#.~#...#....#...#~.
#)#.~#..##....##..#~)
#.#.~#..#)P....#..#~) #.~#.
#..)...#..#~. #.~#
#..|)..#.P#~)


You could see an air elemental and a friendly battlesphere.

Vanquished Creatures
  Bai Suzhen (Snake:4)
  Gastronok (D:8)
  A storm dragon (Shoals:4)
  Ilsuiw (Shoals:3)
  Donald (Shoals:4)
  5 nagarajas
  Aizul (Snake:2)
  An orc warlord (Orc:2)
  An ettin (Orc:1)
  9 merfolk javelineers
  Fannar (Orc:1)
  2 merfolk impalers (Shoals:4)
  4 salamander tyrants
  4 hydras (Lair:5)
  A catoblepas (Lair:5)
  A vault guard (D:13)
  8 anacondas
  4 merfolk aquamancers
  3 merfolk avatars
  3 alligator snapping turtles
  A tengu warrior (D:13)
  8 centaur warriors
  A satyr (Shoals:3)
  2 two-headed ogres
  12 naga warriors
  An orc high priest (Orc:2)
  5 shock serpents
  Urug (Orc:1)
  10 naga sharpshooters
  Sonja (Orc:2)
  3 salamander mystics
  4 skeletal warriors (D:13)
  6 sea snakes
  5 naga ritualists
  9 harpies
  A necromancer (D:11)
  5 orc knights (Orc:2)
  Pikel (D:5)
  3 orc sorcerers
  2 deep elf pyromancers
  An ugly thing (D:13)
  5 cyclopes
  An oklob plant (Lair:1)
  17 salamanders
  21 mana vipers
  6 fauns (Shoals:3)
  8 merfolk sirens
  16 elephants
  9 manticores
  28 black mambas
  A black mamba (shapeshifter) (D:13)
  11 naga magi
  3 guardian serpents
  2 water nymphs
  Maggie (D:7)
  A gargoyle (D:11)
  27 cane toads
  4 rime drakes
  3 unseen horrors
  8 komodo dragons
  A tengu conjurer (D:13)
  5 trolls
  4 tyrant leeches (Lair:5)
  4 wind drakes
  2 polar bears (Lair:4)
  22 merfolk
  2 hornets
  14 slime creatures
  8 dream sheep
  14 snapping turtles
  23 blink frogs
  6 air elementals (Shoals:4)
  Sigmund (D:2)
  A shadow (D:11)
  4 wyverns
  13 water elementals
  2 wraiths (D:9)
  3 basilisks
  2 steam dragons
  55 yaks
  8 humans (D:13)
  8 vampire mosquitoes
  Menkaure (D:4)
  A warg (Orc:1)
  59 nagas
  Edmund (D:4)
  An acid dragon (D:10)
  13 water moccasins
  26 orc warriors
  4 black bears
  7 wolves
  4 ogres
  28 centaurs
  2 lemures (D:5)
  A kobold brigand (D:10)
  Blork the orc (D:4)
  2 gnoll sergeants
  10 bullfrogs
  2 necrophages
  9 scorpions
  6 wights
  5 electric eels (Lair:5)
  2 lava snakes
  3 hounds
  A gnoll bouda (Lair:5)
  15 orc priests
  Ijyb (D:4)
  5 iguanas
  23 orc wizards
  2 yak simulacra (D:11)
  4 polar bear simulacra (D:11)
  3 wolf simulacra (D:11)
  9 gnolls
  7 adders
  A shadow imp (D:7)
  2 white imps
  3 worms
  2 dart slugs
  71 orcs
  8 endoplasms
  A giant cockroach (D:4)
  5 goblins
  8 hobgoblins
  A jackal (D:3)
  7 quokkas
  9 ball pythons
  18 bats
  4 frilled lizards
  13 kobolds
  5 rats
  2 river rat simulacra (D:11)
  10 bushes
  A butterfly (Lair:1)
  A tentacle (Shoals:3)
939 creatures vanquished.

Vanquished Creatures (collateral kills)
  2 nagarajas
  A merfolk impaler (Shoals:4)
  An anaconda (Snake:3)
  An orc high priest (Orc:2)
  A shock serpent (Snake:4)
  A naga ritualist (Snake:1)
  A salamander (Snake:4)
  2 black mambas (Snake:3)
  3 nagas
13 creatures vanquished.

Vanquished Creatures (others)
  2 vault guards (D:13)
  A human (D:13)
  An orc (D:7)
  3 bushes (Lair:4)
  51 fungi
  275 plants
  6 tentacles (Shoals:3)
339 creatures vanquished.

Grand Total: 1291 creatures vanquished

Notes
Turn   | Place    | Note
-------+----------+-------------------------------------------
     0 | D:1      | experimilk the Draconian Conjurer began the quest for the
                  | Orb.
     0 | D:1      | Reached XP level 1. HP: 14/14 MP: 3/3
   309 | D:1      | Reached XP level 2. HP: 20/20 MP: 0/5
   312 | D:1      | Learned a level 2 spell: Searing Ray
  1107 | D:2      | Found an ancient bone altar of Kikubaaqudgha.
  1196 | D:2      | Reached skill level 5 in Conjurations
  1294 | D:2      | Reached XP level 3. HP: 26/26 MP: 0/6
  1647 | D:2      | Noticed Sigmund
  2307 | D:3      | Noticed PyroL's ghost (amateur DENe)
  2320 | D:3      | Found a transporter.
  2381 | D:3      | Found a transporter.
  2390 | D:3      | Found a faded altar of an unknown god.
  2403 | D:3      | Noticed a shining eye
  2410 | D:3      | Noticed a floating eye
  2827 | D:3      | Reached XP level 4. HP: 33/33 MP: 3/7
  3137 | D:3      | Noticed a floating eye
  3137 | D:3      | Noticed a shining eye
  3421 | D:3      | Learned a level 4 spell: Iskenderun's Mystic Blast
  3452 | D:4      | Found Ifaum's Assorted Antiques.
  3472 | D:4      | Noticed Menkaure
  3476 | D:4      | Killed Menkaure
  3477 | D:4      | Reached XP level 5. HP: 38/38 MP: 3/8
  3522 | D:4      | Bought a scroll of teleportation for 69 gold pieces
  3531 | D:4      | Noticed Edmund
  3663 | D:4      | Noticed Ijyb
  3670 | D:4      | Killed Ijyb
  3890 | D:4      | Reached XP level 6. HP: 45/45 MP: 2/9
  4280 | D:4      | Found a radiant altar of Vehumet.
  4288 | D:4      | Became a worshipper of Vehumet
  4699 | D:4      | Killed Edmund
  4872 | D:4      | Your scales start taking on a fiery red colour.
  4872 | D:4      | Reached XP level 7. HP: 23/50 MP: 1/10
  4872 | D:4      | Gained mutation: Your flesh is heat resistant. (rF+) [Red
                  | Draconian growth]
  5575 | D:4      | Found a snail-covered altar of Cheibriados.
  5575 | D:4      | Found a white marble altar of Elyvilon.
  5582 | D:4      | Found a shimmering blue altar of Sif Muna.
  5638 | D:4      | Found a stormy altar of Qazlal.
  5640 | D:4      | Found a hazy altar of Hepliaklqana.
  5746 | D:4      | Noticed Blork the orc
  5752 | D:4      | Killed Blork the orc
  5753 | D:4      | Reached XP level 8. HP: 57/57 MP: 5/14
  5836 | D:4      | Reached * piety under Vehumet
  5836 | D:4      | Offered knowledge of Freeze by Vehumet.
  6250 | D:2      | Killed Sigmund
  6581 | D:5      | Entered Level 5 of the Dungeon
  6816 | D:5      | Learned a level 4 spell: Sticky Flame
  6821 | D:5      | Learned a level 4 spell: Flame Wave
  6997 | D:5      | Reached skill level 1 in Fire Magic
  7156 | D:5      | Noticed Pikel
  7172 | D:5      | Reached skill level 5 in Spellcasting
  7172 | D:5      | Reached skill level 10 in Conjurations
  7172 | D:5      | Reached skill level 2 in Fire Magic
  7173 | D:5      | Killed Pikel
  7174 | D:5      | Reached skill level 3 in Fire Magic
  7568 | D:6      | Reached XP level 9. HP: 62/62 MP: 12/17
  7620 | D:6      | Found a staircase to the Ecumenical Temple.
  8204 | D:7      | Offered knowledge of Sandblast by Vehumet.
  8338 | D:7      | Learned a level 5 spell: Iskenderun's Battlesphere
  8392 | D:7      | Reached ** piety under Vehumet
  8443 | D:7      | Reached skill level 4 in Fire Magic
  8593 | D:7      | Reached skill level 5 in Fire Magic
  8888 | D:7      | Reached skill level 6 in Fire Magic
  8997 | D:7      | Found Kypeenu's Book Boutique.
  9451 | D:7      | Noticed Maggie
  9462 | D:7      | Reached skill level 7 in Fire Magic
  9464 | D:7      | Killed Maggie
  9465 | D:7      | Reached skill level 8 in Fire Magic
  9911 | D:8      | Found a sacrificial altar of Ru.
  9980 | D:8      | Reached skill level 9 in Fire Magic
  9981 | D:8      | Reached skill level 10 in Fire Magic
  9981 | D:8      | Reached XP level 10. HP: 54/69 MP: 14/19
 10065 | D:8      | Reached skill level 11 in Fire Magic
 10177 | D:8      | Noticed Gastronok
 10189 | D:8      | Killed Gastronok
 10190 | D:8      | Reached skill level 12 in Fire Magic
 10658 | D:9      | Found a bloodstained altar of Trog.
 10658 | D:9      | Found an opulent altar of Gozag.
 10764 | D:9      | Offered knowledge of Kindle Blastsparks by Vehumet.
 10765 | D:9      | Reached skill level 1 in Evocations
 11024 | D:9      | Found a staircase to the Lair.
 11106 | D:9      | Found Woaveobo's Distillery.
 11111 | D:9      | Bought a potion of curing for 42 gold pieces
 11111 | D:9      | Bought a potion of curing for 42 gold pieces
 11111 | D:9      | Bought a potion of curing for 42 gold pieces
 11567 | D:9      | Reached XP level 11. HP: 71/74 MP: 7/22
 11871 | D:10     | Entered Level 10 of the Dungeon
 12062 | D:10     | Noticed a two-headed ogre
 12069 | D:10     | Learned a level 5 spell: Fireball
 12076 | D:10     | Killed a two-headed ogre
 12347 | D:10     | Reached *** piety under Vehumet
 12544 | D:10     | Found a staircase to the Orcish Mines.
 13263 | Lair:1   | Entered Level 1 of the Lair of Beasts
 13270 | Lair:1   | Offered knowledge of Frozen Ramparts by Vehumet.
 13730 | Lair:1   | Reached skill level 13 in Fire Magic
 14181 | Lair:1   | Noticed an oklob plant
 14321 | Lair:1   | Killed an oklob plant
 15020 | Lair:2   | Reached **** piety under Vehumet
 15635 | Lair:2   | Reached skill level 5 in Evocations
 16017 | Lair:2   | Reached XP level 12. HP: 78/81 MP: 18/25
 16071 | Lair:2   | Reached skill level 14 in Fire Magic
 16115 | Lair:2   | Offered knowledge of Irradiate by Vehumet.
 16121 | Lair:2   | Learned a level 4 spell: Olgreb's Toxic Radiance
 16136 | Lair:2   | Reached skill level 1 in Poison Magic
 16488 | Lair:2   | Found a staircase to the Snake Pit.
 17778 | Lair:3   | Reached skill level 10 in Spellcasting
 17953 | Lair:3   | Found a staircase to the Shoals.
 18343 | Lair:4   | Found a staircase to the Slime Pits.
 18344 | Lair:4   | Found a viscous altar of Jiyva.
 18459 | Lair:4   | Reached skill level 15 in Fire Magic
 19025 | Lair:4   | Reached XP level 13. HP: 86/86 MP: 10/27
 19033 | Lair:4   | Reached ***** piety under Vehumet
 19736 | Lair:4   | Offered knowledge of Lee's Rapid Deconstruction by Vehumet.
 20056 | Lair:4   | You fall into a shaft and drop 1 floor!
 20056 | Lair:5   | Entered Level 5 of the Lair of Beasts
 20480 | Lair:5   | Learned a level 7 spell: Orb of Destruction
 20732 | Lair:5   | Identified the +7 dire flail of the Festooned God {venom,
                  | Str-4 Int+3 SInv}
 21149 | Lair:5   | Reached skill level 10 in Evocations
 21149 | Lair:5   | Reached XP level 14. HP: 77/93 MP: 0/31
 22970 | Orc:1    | Entered Level 1 of the Orcish Mines
 23117 | Orc:1    | Found Ofidom's General Store.
 23126 | Orc:1    | Bought a scroll of identify for 28 gold pieces
 23126 | Orc:1    | Bought a potion of heal wounds for 70 gold pieces
 23126 | Orc:1    | Bought a potion of curing for 42 gold pieces
 23190 | Orc:1    | Noticed Urug
 23194 | Orc:1    | Killed Urug
 23224 | Orc:1    | Offered knowledge of Starburst by Vehumet.
 23440 | Orc:1    | Noticed Fannar
 23444 | Orc:1    | Killed Fannar
 23611 | Orc:2    | Entered Level 2 of the Orcish Mines
 23611 | Orc:2    | Noticed Sonja
 23619 | Orc:2    | Killed Sonja
 23746 | Orc:2    | Reached skill level 16 in Fire Magic
 23840 | Orc:2    | Noticed an orc warlord
 23848 | Orc:2    | Killed an orc warlord
 24031 | Orc:2    | Found Toedgh's Antique Armour Shoppe.
 24074 | Orc:2    | Found Pairch's General Store.
 24105 | Orc:2    | Bought a scroll of teleportation for 48 gold pieces
 24105 | Orc:2    | Bought a scroll of teleportation for 48 gold pieces
 24105 | Orc:2    | Bought a scroll of enchant armour for 120 gold pieces
 24116 | Orc:2    | Found Effoduc's Jewellery Emporium.
 24180 | Orc:2    | Found Romnirups's Weapon Shop.
 24200 | Orc:2    | Found a staircase to the Elven Halls.
 24267 | Orc:2    | Found Buadegeff's Antique Weapon Boutique.
 25050 | Orc:2    | Bought an iridescent morningstar for 252 gold pieces
 25050 | Orc:2    | Identified the +11 morningstar of the Holding Blowfly
                  | {flame, Fragile Str+4 SInv} (You bought it in a shop on
                  | level 2 of the Orcish Mines)
 25082 | Orc:1    | Found Fixi's Jewellery Boutique.
 25088 | Orc:1    | Bought a ring of poison resistance for 220 gold pieces
 25136 | Orc:1    | Found Usheil's Magic Scroll Shoppe.
 25165 | Orc:1    | Bought a scroll of enchant armour for 97 gold pieces
 25165 | Orc:1    | Bought 2 scrolls of blinking for 195 gold pieces
 25165 | Orc:1    | Bought a scroll of amnesia for 52 gold pieces
 25165 | Orc:1    | Bought a scroll of summoning for 123 gold pieces
 25173 | Orc:1    | Learned a level 6 spell: Starburst
 25332 | Orc:1    | Found Henniabb's Weapon Shop.
 25360 | Orc:1    | Found Hitoudwoa's Distillery.
 25368 | Orc:1    | Bought a potion of berserk rage for 65 gold pieces
 25368 | Orc:1    | Bought a potion of resistance for 130 gold pieces
 25368 | Orc:1    | Bought a potion of heal wounds for 65 gold pieces
 25368 | Orc:1    | Bought a potion of heal wounds for 65 gold pieces
 25368 | Orc:1    | Bought a potion of heal wounds for 65 gold pieces
 26318 | D:11     | Offered knowledge of Yara's Violent Unravelling by Vehumet.
 27081 | D:12     | Found an ornate altar of the Wu Jian Council.
 28522 | D:13     | Reached skill level 17 in Fire Magic
 28624 | D:13     | Reached skill level 15 in Spellcasting
 28628 | D:13     | Reached XP level 15. HP: 77/99 MP: 15/34
 28711 | D:13     | Found a gate to the Vaults.
 29890 | Slime:1  | Entered Level 1 of the Pits of Slime
 29890 | Slime:1  | Noticed an azure jelly
 29952 | Snake:1  | Entered Level 1 of the Snake Pit
 30746 | Snake:1  | Found a shimmering altar of Xom.
 31217 | Snake:2  | Offered knowledge of Iron Shot by Vehumet.
 31638 | Snake:2  | Noticed Aizul
 31645 | Snake:2  | HP: 2/99 [poisoned by Aizul (bolt of poison)]
 31652 | Snake:2  | Killed Aizul
 31783 | Snake:2  | Noticed a nagaraja
 31788 | Snake:2  | Killed a nagaraja
 31986 | Snake:2  | Reached skill level 18 in Fire Magic
 32536 | Snake:2  | Found an ancient bone altar of Kikubaaqudgha.
 34142 | Snake:3  | Identified a scroll of acquirement
 34143 | Snake:3  | Acquired 806 gold pieces
 35220 | Snake:3  | Noticed a nagaraja
 35236 | Snake:3  | Killed a nagaraja
 35604 | Snake:3  | Reached skill level 5 in Poison Magic
 35737 | Snake:3  | Offered knowledge of Eringya's Noxious Bog by Vehumet.
 35738 | Snake:3  | Reached XP level 16. HP: 105/105 MP: 30/35
 35745 | Snake:3  | Learned a level 6 spell: Eringya's Noxious Bog
 35780 | Snake:3  | Reached skill level 19 in Fire Magic
 36167 | Snake:4  | Entered Level 4 of the Snake Pit
 37239 | Snake:4  | Noticed Bai Suzhen
 37250 | Snake:4  | Killed Bai Suzhen
 37700 | Snake:4  | Reached skill level 20 in Fire Magic
 38835 | Snake:4  | Reached skill level 1 in Fighting
 38955 | Snake:4  | Noticed Vashnia
 39595 | Snake:4  | Offered knowledge of Spellforged Servitor by Vehumet.
 39875 | Snake:4  | Reached skill level 15 in Conjurations
 39875 | Snake:4  | Reached skill level 21 in Fire Magic
 39883 | Snake:4  | Reached skill level 5 in Fighting
 40182 | Snake:4  | Got a serpentine rune of Zot
 40640 | Shoals:1 | Entered Level 1 of the Shoals
 41054 | Shoals:1 | Reached XP level 17. HP: 98/126 MP: 14/36
 41998 | Shoals:1 | Found Yshifurch's Weapon Shop.
 43446 | Shoals:2 | Found Fauruduf's General Store.
 44555 | Shoals:3 | Identified the +4 battleaxe of Equilibrium {vorpal, Int+4}
 45284 | Shoals:3 | Reached skill level 1 in Shields
 45592 | Shoals:3 | Noticed Ilsuiw
 45599 | Shoals:3 | Killed Ilsuiw
 45813 | Shoals:3 | Noticed a kraken
 46019 | Shoals:4 | Entered Level 4 of the Shoals
 46070 | Shoals:4 | Noticed Donald
 46077 | Shoals:4 | Killed Donald
 46098 | Shoals:4 | Identified the +6 falchion "Unaps" {vorpal, rC++}
 46147 | Shoals:4 | Paralysed by an air elemental for 1 turns
 46277 | Shoals:4 | Offered knowledge of Ignition by Vehumet.
 46825 | Shoals:4 | Paralysed by an air elemental for 1 turns
 47099 | Shoals:4 | Got a barnacled rune of Zot
 47518 | Shoals:4 | Paralysed by an air elemental for 1 turns
 47520 | Shoals:4 | Killed from afar by an air elemental

Illustrated notes

Levels and vault maps discovered:
D:1:      psy_arrival_dodecagon, layout_basic, minmay_split_cup_large
D:2:      layout_basic, basic_altar, uniq_sigmund
D:3:      minmay_razor_zed, layout_basic, gammafunk_ghost_stat_death,
          hellmonk_ecumenical_altar_watching_god, grunt_ministairs_10
D:4:      old_forge, layout_basic, chequers_temple_overflow_minitemple,
          lemuel_doored_altar, serial_shops, nicolae_shop_statue_plus,
          kennysheep_opposing_triangles, uniq_ijyb, uniq_menkaure, uniq_edmund,
          uniq_blork_the_orc
D:5:      minmay_general_purpose_star, layout_loops_ring, uniq_pikel
D:6:      layout_cave_pools, minmay_temple_entry_offerings
D:7:      layout_layer_cave, serial_shops, nicolae_shop_waterfront, uniq_maggie
D:8:      layout_basic, mainiacjoe_overflow_small_starburst,
          grunt_ministairs_10, uniq_gastronok
D:9:      layout_long_grid, jmf_multi_god_temple, lair_entry_dummy,
          serial_shops, nicolae_shop_hallway_plus, grunt_ogre_cave
D:10:     layout_stronghold, david_orc_2
D:11:     layout_long_grid, kennysheep_cross_bottleneck,
          kennysheep_cluttered_room, eino_house_with_fridge
D:12:     layout_irregular_city, nzn_wu_jian_contemplation
D:13:     layout_basic, ximxim_vaults_locker_room
Lair:1:   layout_roguey, minmay_lair_oklob_bushes, lemuel_fruit_fields,
          grunt_megastairs_5, infiniplex_staircase_pool
Lair:2:   layout_gridlike, guppyfry_snake_entry_garden, st_stairs_3,
          beast_lair_carwin_5
Lair:3:   layout_chaotic_city, elwin_shoals_entry_rocks,
          infiniplex_staircase_pool_2
Lair:4:   layout_cellular_growth, slime_entry_1, nicolae_lair_grazing_beasts
          [nicolae_sub_lair_graze_edge, nicolae_sub_lair_graze_edge,
          nicolae_sub_lair_graze_edge, nicolae_sub_lair_graze_edge],
          lemuel_fruit_tree
Lair:5:   minmay_lair_end_frog_pond, layout_layer_cave, st_stairs_11,
          serial_bayou_ford_a, dreamdust_gnoll_shepherd, serial_bayou_shore_a
Shoals:1: layout_shoals, serial_shops, nicolae_take_the_stairs
Shoals:2: layout_shoals, serial_shops, shop
Shoals:3: layout_shoals, uniq_ilsuiw
Shoals:4: shoals_end_hellmonk_storm_palace [storm_palace_center_circular,
          storm_palace_corner_blocked, storm_palace_corner_grid,
          storm_palace_corner_pillars, storm_palace_corner_pillars], uniq_donald
Snake:1:  layout_basic, basic_altar
Snake:2:  layout_concentric_octagons, basic_altar, uniq_aizul
Snake:3:  layout_grid_maze, serial_bayou_shore_b
Snake:4:  minmay_snake_end_coiled, layout_misc_corridors, grunt_ministairs_3,
          nicolae_snake_gridmaze_waves, nicolae_snake_mages_go_home,
          uniq_vashnia, uniq_bai_suzhen
Slime:1:  layout_caves
Orc:1:    layout_diamond_mine, serial_shops, shop, shop, shop, shop,
          nicolae_shop_advertising_works [nicolae_subvault_shop_adworks],
          minmay_orc_keep, uniq_urug, uniq_fannar
Orc:2:    grunt_orc_gardens, layout_diamond_mine, grunt_orc_garden,
          grunt_orc_garden, grunt_orc_garden, grunt_orc_garden, serial_shops,
          nicolae_shop_waterfront, minmay_orc_temple_b, uniq_sonja

Skill      XL: |  1  2  3  4  5  6  7  8  9 10 11 12 13 14 15 16 17 |
---------------+----------------------------------------------------+-----
Conjurations   | 5 6 7 8 9 10 11 12 13 15 | 15.7
Spellcasting   | 4 5 6 7 9 10 13 15 16 | 16.2
Fire Magic     | 3 10 12 13 15 17 18 21 | 21.0
Evocations     | 1 5 8 10 11 12 | 12.2
Poison Magic   | 3 5 6 7 |  7.9
Fighting       | 5 |  5.3
Shields        | 4 |  4.6
Dodging        | |  1.8
Stealth        | |  1.7

Action                   |  1- 3 |  4- 6 |  7- 9 | 10-12 | 13-15 | 16-18 || total
-------------------------+-------+-------+-------+-------+-------+-------++-------
Melee: Tailslap          |     7 |     1 |     5 |     2 |     5 |     3 ||    23
       Unarmed           |     3 |       |       |       |       |       ||     3
       Club              |     2 |       |       |       |       |       ||     2
       Spear             |    16 |       |       |       |       |       ||    16
       Trident           |       |     3 |       |       |       |       ||     3
       War axe           |       |    16 |    10 |       |       |       ||    26
       Whip              |       |       |    27 |    20 |    20 |       ||    67
       Demon whip        |       |       |       |       |    10 |       ||    10
       Morningstar       |       |       |       |       |    11 |    23 ||    34
 Cast: Magic Dart        |    72 |    47 |    84 |   189 |   459 |   269 ||  1120
       Searing Ray       |    10 |    15 |    31 |    12 |     1 |       ||    69
       Iskenderun's Batt |       |       |     9 |    64 |   177 |   136 ||   386
       Flame Wave        |       |       |     3 |    17 |       |       ||    20
       Iskenderun's Myst |       |       |     3 |    18 |    38 |    40 ||    99
       Fireball          |       |       |       |    40 |    95 |   116 ||   251
       Sticky Flame      |       |       |       |    16 |    49 |    23 ||    88
       Orb of Destructio |       |       |       |       |    45 |    85 ||   130
       Olgreb's Toxic Ra |       |       |       |       |    23 |    15 ||    38
       Starburst         |       |       |       |       |     5 |    16 ||    21
       Eringya's Noxious |       |       |       |       |       |     9 ||     9
 Abil: Breathe Fire      |       |       |     9 |    15 |    16 |     9 ||    49
Evoke: Wand              |       |     2 |       |     3 |     8 |    15 ||    28
       Lightning rod     |       |       |       |     4 |    15 |    17 ||    36
       Phial of floods   |       |       |       |       |     2 |     1 ||     3
       Phantom mirror    |       |       |       |       |     4 |     2 ||     6
       Box of beasts     |       |       |       |       |     4 |     4 ||     8
  Use: Scroll            |     4 |     5 |     7 |     3 |    16 |    12 ||    47
       Potion            |     1 |     2 |     1 |     5 |    11 |    18 ||    38
Armor: Skin              |     2 |    16 |    35 |    39 |    81 |    71 ||   244
Dodge: Dodged            |    21 |    27 |    75 |    52 |   157 |    79 ||   411
Block: Orb               |       |       |       |    14 |    61 |    28 ||   103
       Reflection        |       |       |       |     1 |    16 |    20 ||    37
       Buckler           |       |       |       |       |       |    29 ||    29
       Other             |       |       |       |       |       |     1 ||     1

Table legend: (Time is in decaauts)
 A = Elapsed time spent in this place.
 B = Non-inter-level travel time spent in this place.
 C = Inter-level travel time spent in this place.
 D = Time resting spent in this place.
 E = Time spent auto-exploring this place.
 F = Levels seen in this place.
 G = Mean time per level.
                   A        B        C        D        E       F      G
               +--------+--------+--------+--------+--------+-----+--------+
         Total |  47797 |  46064 |   1733 |  16361 |  24134 |  29 | 1648.2 |
       Dungeon |  17643 |  16857 |    786 |   3408 |  11440 |  13 | 1357.2 |
          Lair |  10108 |   9759 |    349 |   4157 |   4636 |   5 | 2021.6 |
        Shoals |   6822 |   6648 |    174 |   3812 |   2056 |   4 | 1705.5 |
     Snake Pit |  10651 |  10360 |    291 |   4470 |   4426 |   4 | 2662.8 |
    Slime Pits |      1 |      1 |      0 |      0 |      0 |   1 |    1.0 |
  Orcish Mines |   2570 |   2440 |    130 |    513 |   1575 |   2 | 1285.0 |
               +--------+--------+--------+--------+--------+-----+--------+

Top non-repeatable levels by time:
 Snake:4: 3650 daAuts
 Snake:2: 3036 daAuts
 Snake:3: 2809 daAuts
  Lair:5: 2508 daAuts
  Lair:1: 2377 daAuts
Shoals:1: 2322 daAuts
     D:4: 2271 daAuts
     D:3: 2248 daAuts
  Lair:4: 2136 daAuts
Shoals:2: 1752 daAuts
    D:13: 1735 daAuts
     D:7: 1708 daAuts
  Lair:3: 1608 daAuts
Shoals:4: 1510 daAuts
   Orc:2: 1492 daAuts
